Map: [EWC] Site Delta

Players

Classic - Winner!

  • Race: Protoss Protoss
  • Spawn Location: 5:00

Cure

  • Race: Terran Terran
  • Spawn Location: 11:00

Event: Esports World Cup 2024

VOD

Have the link to the VOD?

Description

Time

  • Played on: Aug. 15, 2024, 8:52 a.m.
  • Length: 15:12

All games in this series

Show
View Real Time Build Order
Export as new Build Order

Classic Protoss - Winner!

Build Orders: 1 Gate Expand 

Get SALT Encoding   

  12  0:00  Probe  
  13  0:12  Probe  
  14  0:18  Pylon  
  14  0:24  Probe  
  15  0:36  Gateway  
  15  0:37  Probe (Chrono Boost)  
  16  0:46  Assimilator, Probe (Chrono Boost)  
  17  0:51  Probe (Chrono Boost)  
  18  1:03  Probe  
  19  1:15  Probe  
  20  1:24  Cybernetics Core  
  20  1:32  Nexus  
  20  1:39  Pylon  
  20  1:42  Probe  
  21  1:48  Assimilator  
  21  1:54  Probe  
  21  1:57  Adept (Chrono Boost)  
  21  2:00  Warp Gate  
  24  2:07  Probe  
  25  2:19  Probe  
  25  2:20  Adept  
  28  2:25  Forge  
  28  2:31  Probe  
  30  2:44  Probe x2 (Chrono Boost)  
  30  2:50  Stalker  
  33  2:53  Probe x2 (Chrono Boost)  
  33  2:57  Protoss Ground Weapons Level 1  
  35  2:59  Probe  
  35  3:00  Probe  
  37  3:11  Probe  
  37  3:12  Probe  
  39  3:14  Robotics Facility  
  39  3:20  Gateway  
  39  3:23  Probe  
  39  3:24  Probe  
  39  3:26  Pylon  
  41  3:32  Twilight Council  
  41  3:35  Probe  
  41  3:36  Probe  
  43  3:48  Probe x2, Photon Cannon  
  45  3:52  Pylon  
  45  3:58  Warp Prism (Chrono Boost)  
  45  4:00  Stalker  
  49  4:05  Assimilator  
  49  4:07  Blink (Chrono Boost)  
  49  4:13  Probe x2  
  51  4:19  Stalker  
  53  4:25  Stalker  
  53  4:28  Probe x2  
  53  4:30  Pylon  
  57  4:32  Observer  
  58  4:44  Nexus  
  58  4:47  Shield Battery  
  58  4:49  Sentry  
  58  4:51  Sentry  
  62  4:53  Gateway  
  62  4:56  Gateway  
  62  4:58  Pylon  
  62  5:03  Protoss Ground Armor Level 1  
  62  5:06  Assimilator  
  62  5:12  Nexus  
  62  5:16  Adept, Probe x2  
  62  5:18  Adept  
  68  5:22  Pylon  
  68  5:45  Robotics Bay  
  68  5:47  Probe x2  
  70  5:50  Stalker x3  
  70  5:52  Stalker  
  70  5:56  Pylon  
  78  6:04  Charge (Chrono Boost)  
  78  6:08  Gateway x2  
  78  6:10  Gateway  
  78  6:12  Gateway  
  78  6:21  Stalker x2  
  82  6:28  Stalker x2  
  82  6:31  Probe x2  
  88  6:34  Probe  
  88  6:37  Colossus (Chrono Boost)  
  89  6:45  Probe x2  
  89  6:46  Probe  
  98  6:51  Pylon  
  98  6:52  Pylon  
  98  6:57  Probe x2  
  98  6:58  Probe  
  98  6:59  Extended Thermal Lance  
  101  7:06  Shield Battery  
  101  7:17  Protoss Ground Weapons Level 2 (Chrono Boost)  
  101  7:19  Probe x2  
  101  7:20  Probe  
  101  7:21  Colossus (Chrono Boost)  
  107  7:24  Zealot x3  
  107  7:25  Zealot  
  115  7:30  Pylon  
  115  7:32  Pylon  
  115  7:42  Probe x3  
  110  7:45  Assimilator  
  110  7:47  Pylon x2  
  110  7:55  Probe x3  
  110  7:57  Pylon  
  113  7:59  Nexus  
  113  8:00  Observer (Chrono Boost), Sentry  
  116  8:07  Zealot x2, Forge  
  120  8:15  Zealot x3  
  120  8:17  Pylon  
  120  8:18  Zealot  
  126  8:20  Zealot  
  126  8:33  Colossus (Chrono Boost)  
  126  8:40  Zealot  
  126  8:41  Zealot x7  
  148  8:50  Protoss Ground Armor Level 2 (Chrono Boost)  
  148  8:53  Pylon  
  148  8:55  Nexus  
  142  9:05  Robotics Facility  
  142  9:06  Probe x2  
  142  9:07  Probe  
  145  9:11  Pylon  
  145  9:12  Protoss Ground Weapons Level 3 (Chrono Boost)  
  145  9:14  Stalker x2  
  149  9:19  Zealot x3  
  149  9:20  Zealot  
  157  9:28  Pylon  
  157  9:29  Observer  
  158  9:34  Pylon  
  158  9:38  Pylon  
  158  9:43  Probe x2  
  158  9:44  Probe  
  161  9:47  Observer (Chrono Boost)  
  161  9:49  Pylon  
  161  9:51  Disruptor (Chrono Boost)  
  162  9:55  Pylon  
  166  10:02  Disruptor (Chrono Boost)  
  166  10:03  Zealot x2  
  166  10:04  Zealot x2  
  166  10:05  Gateway  
  166  10:06  Colossus (Chrono Boost)  
  178  10:15  Nexus  
  178  10:18  Disruptor (Chrono Boost)  
  179  10:29  Gravitic Drive  
  179  10:31  Gateway  
  179  10:33  Gateway  
  179  10:35  Zealot x2, Gateway  
  181  10:36  Disruptor (Chrono Boost)  
  181  10:38  Colossus (Chrono Boost)  
  183  10:46  Gateway  
  183  10:47  Zealot, Gateway  
  183  10:49  Gateway  
  185  10:53  Disruptor (Chrono Boost)  
  185  11:00  Zealot x2  
  185  11:01  Zealot x3, Protoss Ground Armor Level 3 (Chrono Boost)  
  189  11:13  Disruptor (Chrono Boost)  
  189  11:16  Probe x3  
  189  11:17  Robotics Facility, Probe  
  187  11:23  Disruptor (Chrono Boost)  
  191  11:41  Disruptor  
  195  11:47  Stalker x3  
  195  11:50  Gateway  
  195  11:53  Gateway  
  197  11:55  Gateway  
  197  12:06  Nexus  
  197  12:08  Pylon  
  197  12:16  Pylon  
  186  12:38  Zealot x7  
  200  12:47  Stalker  
  200  12:48  Stalker x3, Immortal (Chrono Boost)  
  192  13:09  Nexus  
  192  13:11  Pylon  
  192  13:12  Zealot x4, Protoss Shields Level 1 (Chrono Boost)  
  196  13:15  Pylon  
  194  13:35  Pylon  
  194  13:37  Zealot x4  
  196  13:48  Zealot x5  
  194  14:06  Zealot x3  
  186  14:20  Zealot x6  
  186  14:21  Zealot x8  
  178  14:26  Zealot x3, Immortal x2 (Chrono Boost)  
  196  14:36  Immortal (Chrono Boost)  
  172  14:46  Zealot x10  
  172  14:47  Zealot x6  
Show
View Real Time Build Order
Export as new Build Order

Cure Terran 

Build Orders: Reaper Expand 

Get SALT Encoding   

  12  0:00  SCV  
  13  0:12  SCV  
  14  0:17  Supply Depot  
  14  0:24  SCV  
  15  0:38  SCV  
  15  0:40  Barracks  
  15  0:42  Refinery  
  16  0:50  SCV  
  17  1:02  SCV  
  18  1:14  SCV  
  19  1:27  Orbital Command, Reaper  
  20  1:44  Command Center  
  20  1:53  SCV  
  21  1:54  Barracks  
  21  2:00  Barracks Reactor  
  21  2:05  SCV  
  22  2:10  Supply Depot  
  22  2:17  SCV  
  22  2:19  Barracks  
  23  2:32  SCV  
  23  2:36  Marine  
  23  2:37  Marine  
  25  2:43  Barracks Tech Lab  
  27  2:44  SCV  
  27  2:56  Orbital Command, SCV, Marine x2  
  29  3:06  Stimpack  
  29  3:07  Barracks Tech Lab, Marine  
  29  3:08  SCV  
  31  3:14  Marine x2  
  33  3:20  SCV  
  33  3:23  SCV  
  33  3:25  Supply Depot  
  35  3:27  Marine x2  
  35  3:28  Combat Shield  
  35  3:32  Marine x2  
  39  3:34  SCV  
  39  3:35  SCV  
  41  3:44  Supply Depot  
  41  3:46  SCV  
  41  3:47  SCV, Marauder  
  45  3:50  Marine x2  
  47  3:58  Supply Depot, SCV  
  47  3:59  SCV  
  47  4:01  Marauder  
  51  4:08  Marine x2  
  51  4:09  Marauder  
  55  4:10  SCV  
  55  4:11  SCV  
  55  4:15  Refinery  
  57  4:20  Refinery  
  57  4:22  SCV  
  57  4:23  SCV  
  59  4:24  Factory  
  59  4:26  Marine x3  
  59  4:29  Marine  
  63  4:32  Supply Depot  
  63  4:35  SCV x2  
  65  4:41  Engineering Bay  
  65  4:45  Supply Depot  
  65  4:47  SCV x2  
  65  4:52  Marauder, Bunker  
  69  4:54  Marauder  
  69  4:55  Marine x2  
  73  5:00  Concussive Shells  
  73  5:01  SCV, Refinery  
  74  5:09  Supply Depot, Starport  
  74  5:10  Factory Reactor  
  74  5:13  SCV x2  
  76  5:17  Marauder  
  76  5:19  Marauder  
  80  5:26  Marine x2  
  80  5:27  Supply Depot  
  82  5:32  SCV x2  
  82  5:35  Terran Infantry Weapons Level 1  
  79  5:44  SCV x2  
  79  5:49  Marine x2, Marauder  
  87  5:50  Marauder  
  87  5:56  Medivac x2  
  91  5:57  SCV x2  
  91  6:03  Factory Reactor  
  93  6:09  Command Center  
  93  6:12  Supply Depot  
  93  6:16  Marine x2  
  93  6:17  Marauder x2  
  93  6:18  SCV  
  93  6:26  Viking  
  93  6:31  SCV x2  
  96  6:39  Marine x2  
  101  6:40  Marauder x2  
  101  6:45  SCV x2  
  103  6:51  Medivac  
  103  6:52  Widow Mine x2  
  109  6:56  Supply Depot x2  
  109  6:59  Barracks  
  109  7:02  Barracks  
  109  7:03  SCV  
  109  7:08  Missile Turret  
  110  7:09  SCV  
  110  7:14  Marine, Marauder  
  110  7:17  Marine, Medivac  
  110  7:18  SCV, Marauder  
  110  7:21  Widow Mine x2  
  110  7:22  SCV  
  118  7:30  SCV  
  118  7:34  SCV  
  118  7:35  Terran Infantry Armor Level 1  
  118  7:36  Marauder  
  121  7:37  Marine x2  
  121  7:39  Marauder  
  121  7:42  SCV  
  124  7:46  SCV  
  124  7:47  Barracks Tech Lab  
  124  7:49  Orbital Command  
  125  7:54  SCV  
  125  7:58  SCV  
  127  8:01  Medivac  
  129  8:06  SCV, Marauder  
  129  8:09  Marauder  
  129  8:11  SCV  
  135  8:13  Barracks Reactor  
  135  8:15  Marine  
  135  8:17  SCV  
  135  8:18  SCV  
  138  8:21  Supply Depot  
  138  8:29  Marauder  
  138  8:31  Marauder  
  138  8:32  Marine, Marauder  
  141  8:41  Supply Depot  
  141  8:43  SCV x3, Marine, Viking x2  
  141  8:48  Armory  
  149  8:50  Ghost Academy  
  149  8:55  SCV x2  
  147  9:00  SCV  
  147  9:07  SCV x2  
  147  9:09  Supply Depot  
  149  9:11  Supply Depot  
  149  9:13  Viking x2  
  153  9:18  SCV  
  153  9:19  SCV x2  
  153  9:20  Bunker  
  153  9:23  Refinery  
  153  9:24  Refinery  
  156  9:30  SCV  
  157  9:31  SCV x2, Missile Turret  
  157  9:32  Ghost x2  
  157  9:33  Ghost  
  165  9:40  Supply Depot  
  165  9:42  Widow Mine  
  165  9:43  Widow Mine  
  165  9:44  SCV x3  
  171  9:47  Terran Infantry Weapons Level 2  
  171  9:48  Terran Ship Weapons Level 1  
  171  9:53  Missile Turret  
  171  9:58  Supply Depot, Command Center  
  171  10:00  Viking  
  171  10:01  Supply Depot  
  171  10:02  Viking  
  171  10:06  Supply Depot  
  175  10:08  Ghost  
  175  10:10  Ghost  
  179  10:14  Widow Mine  
  179  10:19  Ghost  
  179  10:20  Widow Mine  
  185  10:22  Supply Depot  
  182  10:32  Viking x2  
  186  10:38  Marine x4, Marauder  
  186  10:39  Marauder, Sensor Tower  
  194  10:46  Engineering Bay  
  194  10:49  Marauder  
  193  11:00  Marine x4, Marauder  
  193  11:01  Marauder  
  199  11:10  Marauder  
  195  11:13  SCV x3  
  195  11:14  Terran Infantry Armor Level 2  
  195  11:15  Viking  
  200  11:24  Barracks  
  200  11:25  Missile Turret, Barracks  
  200  11:26  Barracks  
  200  11:36  Planetary Fortress  
  200  11:39  Missile Turret  
  200  11:48  Missile Turret x2  
  200  11:51  Sensor Tower  
  199  11:57  Command Center  
  199  12:10  Barracks Reactor  
  199  12:12  Terran Ship Weapons Level 2, Terran Infantry Weapons Level 3  
  199  12:13  Barracks Tech Lab  
  193  12:23  Ghost x2  
  193  12:24  Marine, Marauder  
  198  12:35  Viking x2  
  198  12:36  Missile Turret  
  199  12:37  Marine, Widow Mine  
  197  13:03  Barracks Tech Lab  
  197  13:24  Ghost  
  197  13:25  Marine  
  199  13:28  Marine x3, Marauder  
  195  13:38  Marine x2, Ghost x2  
  195  13:39  Marauder  
  195  13:41  Viking x2  
  197  13:57  Command Center  
  197  13:58  Command Center, Sensor Tower  
  189  14:04  Planetary Fortress  
  189  14:05  Marine x6, Marauder x2  
  199  14:11  Medivac  
  184  14:18  Marine x2, Marauder  
  184  14:21  Widow Mine, Medivac  
  184  14:22  Widow Mine  
  184  14:23  Marine x4  
  177  14:27  Marauder x2  
  177  14:38  Marine x2, Marauder  
  166  14:39  Marine, Marauder  
  166  14:40  Marine x2  
  166  14:41  Marine x2, Medivac  
  155  14:48  Marauder x2  
Tags
 
Add a new tag
Caveats
  • Supply blocks, unpowered buildings, or Contaminate may cause inaccurate times.
  • Supply counts are checked every 10 seconds.